 Dungeon Crawl Stone Soup version 0.29-a0-902-g0f71de6fce (webtiles) character file.

Game seed: 15466709793449656646

851 mainiacjoe the Chopper (level 7, 0/81 HPs)
             Began as a Demonspawn Berserker on July 25, 2022.
             Was a Priest of Trog.
             Slain by an adder (2 damage)
             ... on level 5 of the Dungeon.
             The game lasted 00:12:04 (4884 turns).

mainiacjoe the Chopper (Demonspawn Berserker)       Turns: 4884, Time: 00:12:05

Health: 0/81       AC: 10    Str: 20    XL:     7   Next: 69%
Magic:  7/7        EV:  8    Int:  8    God:    Trog [***...]
Gold:   207        SH:  0    Dex: 12    Spells: 6/6 levels left

rFire   . . .      SeeInvis .   a - +0 morningstar
rCold   . . .      Faith    +   (no shield)
rNeg    . . .      Spirit   .   l - +0 chain mail
rPois   .          Reflect  .   (helmet restricted)
rElec   .          Harm     .   (no cloak)
rCorr   .          Rampage  .   (no gloves)
Will    .....                   e - +1 pair of boots
Stlth   ..........              k - amulet of faith
HPRegen 0.23/turn               (no ring)
MPRegen 0.10/turn               (no ring)

@: berserking (expiring), very quick
A: horns 2
a: Renounce Religion, Berserk, Trog's Hand


You were on level 5 of the Dungeon.
You worshipped Trog.
Trog was most pleased with you.
You visited 1 branch of the dungeon, and saw 5 of its levels.

You collected 207 gold pieces.

Inventory:

Hand Weapons
 a - a +0 morningstar (weapon)
 b - a +0 sling
 p - a +0 hand axe
 B - a +0 war axe
Missiles
 f - 10 stones (quivered)
 s - 9 javelins
Armour
 e - a +1 pair of boots (worn)
 g - a +0 animal skin
 l - a +0 chain mail (worn)
 z - a +0 scale mail
Jewellery
 k - an amulet of faith (around neck)
Wands
 v - a wand of quicksilver (7)
 y - a wand of iceblast (8)
 A - a wand of mindburst (15)
Scrolls
 h - 2 scrolls of teleportation
 m - a scroll of torment {unknown}
 n - a scroll of enchant weapon {unknown}
 t - a scroll of silence {unknown}
 x - a scroll of poison {unknown}
Potions
 c - a potion of ambrosia
 d - 3 potions of haste
 i - 3 potions of curing
 j - a potion of invisibility {unknown}
 o - a potion of attraction {unknown}
 q - 2 potions of magic {unknown}
 r - a potion of degeneration {unknown}
 u - a potion of mutation {unknown}
 w - a potion of lignification {unknown}


   Skills:
 + Level 4.0 Fighting
 - Level 5.9(6.7) Axes
 - Level 4.5(6.0) Maces & Flails
 - Level 1.7 Armour
 - Level 1.7 Dodging
 + Level 2.4 Evocations


You had 6 spell levels left.
You didn't know any spells.
Your spell library was empty.

Dungeon Overview and Level Annotations

Branches:
Dungeon (5/15)
 Temple: D:4-7

Altars:
Ashenzari
Nemelex Xobeh
Trog
Vehumet
Wu Jian
Yredelemnul

Shops:
D:4 (

Annotations:
D:4 1 runed translucent door, Crazy Yiuf


Innate Abilities, Weirdness & Mutations

You have a pair of horns on your head.


Message History

The adder bites you but does no damage.
The ogre hits you with a +0 giant spiked club!
The adder barely misses you.
You hit the ogre. Your punch misses the ogre.
The ogre is moderately wounded.
The adder closely misses you. The ogre barely misses you.
You barely miss the ogre.
The ogre is moderately wounded.
The adder bites you but does no damage. The adder barely misses you.
You barely miss the ogre.
The ogre is moderately wounded.
The ogre hits you with a +0 giant spiked club!!
* * * LOW HITPOINT WARNING * * *
The adder bites you but does no damage.
You are too injured to fight recklessly!
You are too injured to fight recklessly!
You are too injured to fight recklessly!
You are too injured to fight recklessly!
Unknown command.
A red film seems to cover your vision as you go berserk!
You feel yourself moving faster!
You feel mighty! The adder bites you but does no damage.
The ogre barely misses you. The adder barely misses you.
You barely miss the ogre. You punch the ogre!
The ogre is severely wounded.
The adder bites you but does no damage.
You puncture the ogre! Your headbutt misses the ogre.
The ogre is almost dead.
The ogre hits you with a +0 giant spiked club!!
* * * LOW HITPOINT WARNING * * *
The adder bites you but does no damage.
You puncture the ogre!
You kill the ogre!
Trog accepts your kill. The adder barely misses you.
Your Fighting skill increases to level 4!
Your Evocations skill increases to level 2!
Unknown command.
The adder bites you.
You die...

..# .#### . ..
...#..#.. ..##..
.......) ......
.......# ......# ..#...
..............##.#.#
.##.............S....#
................@....#
...................#.##
......................#
....#....##..........##
....#..<.....###....##
..............#....##
........##.......###
.....)..###.#......#
........# #..###....#


You could see an adder.

Vanquished Creatures
  Grinder (D:3)
  Sigmund (D:2)
  Menkaure (D:4)
  An ogre (D:5)
  A hound (D:5)
  An orc priest (D:4)
  Ijyb (D:3)
  An iguana (D:5)
  An orc wizard (D:4)
  2 hound zombies (D:4)
  An adder (D:2)
  2 ufetubi
  3 worms
  2 dart slugs (D:1)
  14 orcs
  7 bats
  11 endoplasms
  2 giant cockroaches (D:2)
  2 goblins (D:1)
  5 hobgoblins
  7 jackals (D:4)
  7 kobolds
  2 quokkas (D:1)
  6 ball pythons
  4 frilled lizards
  2 rats
88 creatures vanquished.

Notes
Turn   | Place    | Note
-------+----------+-------------------------------------------
     0 | D:1      | mainiacjoe the Demonspawn Berserker began the quest for the
                  | Orb.
     0 | D:1      | Reached XP level 1. HP: 18/18 MP: 1/1
   470 | D:1      | Reached skill level 3 in Axes
   542 | D:1      | Gained mutation: You have a pair of small horns on your
                  | head. [demonic ancestry]
   542 | D:1      | Reached XP level 2. HP: 24/24 MP: 2/2
   954 | D:1      | Found a faded altar of an unknown god.
  1254 | D:2      | Reached XP level 3. HP: 29/29 MP: 3/3
  1439 | D:2      | Reached ** piety under Trog
  1448 | D:2      | Noticed Sigmund
  1514 | D:2      | Killed Sigmund
  1515 | D:2      | Reached skill level 5 in Axes
  1515 | D:2      | Reached XP level 4. HP: 34/35 MP: 4/4
  1515 | D:2      | Gained mutation: You have a pair of horns on your head.
                  | [demonic ancestry]
  1515 | D:2      | Reached XP level 5. HP: 40/41 MP: 5/5
  2309 | D:3      | Found a sparkling altar of Nemelex Xobeh.
  2409 | D:3      | Noticed Grinder
  2424 | D:3      | Killed Grinder
  2425 | D:3      | Reached XP level 6. HP: 38/47 MP: 6/6
  2590 | D:3      | Noticed Ijyb
  2598 | D:3      | Killed Ijyb
  3275 | D:4      | Noticed Menkaure
  3287 | D:4      | Reached *** piety under Trog
  3293 | D:4      | HP: 1/70 [Menkaure (18)]
  3294 | D:4      | Killed Menkaure
  3295 | D:4      | Reached XP level 7. HP: 2/52 MP: 7/7
  3601 | D:4      | Found a radiant altar of Vehumet.
  3894 | D:4      | Found a bloodstained altar of Trog.
  3924 | D:4      | Reached skill level 1 in Evocations
  4111 | D:4      | Found a basalt altar of Yredelemnul.
  4282 | D:4      | Found Gegovam's Antique Weapon Boutique.
  4370 | D:4      | Found a runed translucent door.
  4371 | D:4      | Noticed Crazy Yiuf
  4560 | D:5      | Entered Level 5 of the Dungeon
  4641 | D:5      | Found an ornate altar of the Wu Jian Council.
  4676 | D:5      | Found a broken altar of Ashenzari.
  4882 | D:5      | HP: 1/79 [ogre/+0 giant spiked club (21)]
  4884 | D:5      | Slain by an adder

Illustrated notes

Levels and vault maps discovered:
D:1:      psy_arrival_conway, layout_loops_ring,
          hellmonk_ecumenical_altar_heavens_door
D:2:      minmay_general_purpose_star, layout_basic, solitary_fountain,
          serial_bayou_pond_d, uniq_sigmund
D:3:      layout_loops_cross, nemelex_xobeh_ov_fountains_minmay, uniq_ijyb,
          uniq_grinder
D:4:      layout_basic, mainiacjoe_overflow_concentric_impassable,
          lemuel_zombie_altar_yredelemnul, mainiacjoe_overflow_brackets,
          serial_shops, kennysheep_little_box, kennysheep_another_room,
          nicolae_figureground_sparkle, uniq_menkaure, uniq_crazy_yiuf_cottage
D:5:      layout_cave_pools, nicolae_wu_jian_wuxing_cycle,
          nicolae_overflow_crystal_walls, kennysheep_mini_moat,
          cheibrodos_ashenzari_chains, minmay_temple_entry_drinking_statues,
          kennysheep_small_square

Skill      XL: |  1  2  3  4  5  6  7 |
---------------+----------------------+-----
Axes           | 3 5 |  5.9
Maces & Flails | 3 4 |  4.5
Evocations     | 2 |  2.4
Fighting       | 4 |  4.0
Armour         | |  1.7
Dodging        | |  1.7

Action                   |  1- 3 |  4- 6 |  7- 9 || total
-------------------------+-------+-------+-------++-------
Melee: Hand axe          |    48 |    24 |     7 ||    79
       Headbutt          |     6 |    14 |     7 ||    27
       Morningstar       |       |    35 |    56 ||    91
       Punch             |       |       |     1 ||     1
 Fire: Sling             |    37 |    50 |    13 ||   100
Throw: Stone             |       |    17 |     7 ||    24
Invok: Berserk           |     2 |     2 |     2 ||     6
       Trog's Hand       |       |     1 |       ||     1
Evoke: Wand              |       |     1 |       ||     1
  Use: Scroll            |     2 |     2 |       ||     4
       Potion            |       |       |     1 ||     1
Armor: Animal skin       |    21 |       |       ||    21
       Chain mail        |     4 |    49 |    80 ||   133
Dodge: Dodged            |    44 |    30 |    55 ||   129

Table legend: (Time is in decaauts)
 A = Elapsed time spent in this place.
 B = Non-inter-level travel time spent in this place.
 C = Inter-level travel time spent in this place.
 D = Time resting spent in this place.
 E = Time spent auto-exploring this place.
 F = Levels seen in this place.
 G = Mean time per level.
                   A        B        C        D        E       F      G
               +--------+--------+--------+--------+--------+-----+--------+
         Total |   5005 |   4822 |    183 |   1081 |   2979 |   5 | 1001.0 |
       Dungeon |   5005 |   4822 |    183 |   1081 |   2979 |   5 | 1001.0 |
               +--------+--------+--------+--------+--------+-----+--------+

Top non-repeatable levels by time:
     D:4: 1497 daAuts
     D:1: 1310 daAuts
     D:2: 1042 daAuts
     D:3: 904 daAuts
     D:5: 251 daAuts
